 Dungeon Crawl Stone Soup version 0.28.0-45-g0d030f2227 (webtiles) character file.

Game seed: 13225348530772921213

193 Ablot the Cutter (level 5, -1/43 (47) HPs)
             Began as a Gnoll Chaos Knight on Apr 10, 2022.
             Was a Plaything of Xom.
             Slain by a wight
             ... wielding a +4 mace
              (8 damage)
             ... on level 4 of the Dungeon.
             The game lasted 00:04:23 (2963 turns).

Ablot the Cutter (Gnoll Chaos Knight)               Turns: 2963, Time: 00:04:23

HP:   -1/43 (47)    AC:  8    Str: 13    XL:     5   Next: 72%
MP:   7/7           EV: 12    Int: 12    God:    Xom [..*...]
Gold: 29            SH:  0    Dex: 11    Spells: 7/7 levels left

rFire   . . .      SeeInvis .   a - +0 short sword (chaos)
rCold   . . .      Faith    .   (no shield)
rNeg    . . .      Spirit   .   b - +2 leather armour
rPois   .          Reflect  .   l - +0 helmet
rElec   .          Harm     .   e - +0 cloak
rCorr   .          Rampage  .   (no gloves)
Will    .....                   (no boots)
Stlth   +.........              o - amulet of regeneration
HPRegen 0.94/turn               (no ring)
MPRegen 0.10/turn               (no ring)

@: drained
A: fangs 1, strong nose, distributed training
a: Renounce Religion


You were on level 4 of the Dungeon.
You worshipped Xom.
You were a toy of Xom.
You visited 1 branch of the dungeon, and saw 4 of its levels.

You collected 119 gold pieces.
You spent 90 gold pieces at shops.

Inventory:

Hand Weapons
 a - a +0 short sword of chaos (weapon)
Missiles
 c - 4 curare-tipped darts (quivered)
 f - 19 sling bullets
 j - 60 stones
Armour
 b - a +2 leather armour (worn)
 e - a +0 cloak (worn)
 l - a +0 helmet (worn)
Jewellery
 o - an amulet of regeneration (around neck)
Scrolls
 d - a scroll of magic mapping {unknown}
 h - 2 scrolls of identify {unknown}
 i - 2 scrolls of teleportation {unknown}
 p - a scroll of enchant armour {unknown}
Potions
 g - 2 potions of resistance
 m - a potion of magic {unknown}
 n - a potion of attraction {unknown}


   Skills:
 + Level 6.7 Fighting
 + Level 6.7 Short Blades
 + Level 1.6 Long Blades
 + Level 1.6 Axes
 + Level 1.6 Maces & Flails
 + Level 1.6 Polearms
 + Level 1.6 Staves
 + Level 1.6 Slings
 + Level 1.6 Bows
 + Level 1.6 Crossbows
 + Level 1.6 Throwing
 + Level 4.8 Armour
 + Level 3.0 Dodging
 + Level 1.6 Stealth
 + Level 1.6 Shields
 + Level 1.6 Unarmed Combat
 + Level 1.6 Spellcasting
 + Level 1.2 Conjurations
 + Level 1.2 Hexes
 + Level 1.2 Summonings
 + Level 1.2 Necromancy
 + Level 1.2 Translocations
 + Level 1.2 Transmutations
 + Level 1.2 Fire Magic
 + Level 1.2 Ice Magic
 + Level 1.2 Air Magic
 + Level 1.2 Earth Magic
 + Level 1.2 Poison Magic
 + Level 1.8 Invocations
 + Level 1.6 Evocations


You had 7 spell levels left.
You didn't know any spells.
Your spell library was empty.

Dungeon Overview and Level Annotations

Branches:
Dungeon (4/15)
 Temple: D:4-7

Altars:

Shops:
D:2 :   D:3 *


Innate Abilities, Weirdness & Mutations

You have very sharp teeth.
Your uncanny sense of smell can sniff out nearby items.
Your experience applies equally to all skills.


Message History

The adder is heavily wounded.
The adder bites you but does no damage. The wight hits you with a +4 mace.
You hit the adder but do no damage. Your bite misses the adder.
The adder is almost dead.
You feel sick. The adder barely misses you. The wight barely misses you.
You hit the adder. Lightning courses through the adder!!
You kill the adder!
You feel sick.
You are no longer poisoned.
The wight hits you with a +4 mace!
* * * LOW HITPOINT WARNING * * *
You emit a cloud of colourful smoke!
You feel drained.
* * * LOW HITPOINT WARNING * * *
The orc wizard shouts! "Go forth and destroy!"
You feel clever all of a sudden.
You hear a shout!
You see here a +0 cloak.
You barely miss the wight.
The wight is severely damaged.
It was a potion of resistance.
You feel protected. The wight closely misses you.
Unknown command.
You barely miss the wight. Your bite misses the wight.
The wight is severely damaged.
The wight closely misses you.
It was a potion of cancellation.
Your magical effects are unravelling.
You feel magically purged.
You feel a little less clever now.
Your resistance to elements expires.
The wight hits you with a +4 mace.
* * * LOW HITPOINT WARNING * * *
Unknown command.
You closely miss the wight. Your bite misses the wight.
The wight is severely damaged.
The wight hits you with a +4 mace!
You die...
Xom thinks this is hilarious!

#.<.# . #...###.#
#.......# #.
#....##########..
.......###....[.
..###.........# . ..##
###......# .o. ...##
#....§#####....#
#...#####^....Sz@.o....#
###....##..#######......
###...#§†.# #.........#
#.#..§#..## ##.........#
#.##........ .........[##
#.#..###.###.#..........#
#...## ∆... .......z.....
.... #... #...........
##.. ...###...o..o...


You could see 2 wights, an orc wizard, an adder and an orc.

Vanquished Creatures
  Jessica (D:2)
  A centaur skeleton (D:4)
  6 adders
  2 worms (D:2)
  3 dart slugs
  An orc (D:3)
  5 ball pythons
  7 bats
  8 endoplasms
  7 giant cockroaches
  7 goblins
  A hobgoblin (D:2)
  5 jackals
  3 quokkas
  6 frilled lizards
  2 kobolds
  5 rats
70 creatures vanquished.

Notes
Turn   | Place    | Note
-------+----------+-------------------------------------------
     0 | D:1      | Ablot the Gnoll Chaos Knight began the quest for the Orb.
     0 | D:1      | Reached XP level 1. HP: 23/23 MP: 1/1
    32 | D:1      | XOM: silly message
   146 | D:1      | Reached XP level 2. HP: 28/29 MP: 2/2
   548 | D:1      | Reached XP level 3. HP: 34/35 MP: 3/3
   886 | D:2      | Reached skill level 1 in Invocations
  1104 | D:2      | Found Xoes's Book Shoppe.
  1162 | D:2      | Reached skill level 1 in Long Blades
  1162 | D:2      | Reached skill level 1 in Axes
  1162 | D:2      | Reached skill level 1 in Maces & Flails
  1162 | D:2      | Reached skill level 1 in Polearms
  1162 | D:2      | Reached skill level 1 in Staves
  1162 | D:2      | Reached skill level 1 in Slings
  1162 | D:2      | Reached skill level 1 in Bows
  1162 | D:2      | Reached skill level 1 in Crossbows
  1162 | D:2      | Reached skill level 1 in Throwing
  1162 | D:2      | Reached skill level 1 in Stealth
  1162 | D:2      | Reached skill level 1 in Shields
  1162 | D:2      | Reached skill level 1 in Unarmed Combat
  1162 | D:2      | Reached skill level 1 in Spellcasting
  1162 | D:2      | Reached skill level 1 in Evocations
  1269 | D:2      | Reached XP level 4. HP: 40/41 MP: 5/5
  1677 | D:2      | Reached skill level 1 in Conjurations
  1677 | D:2      | Reached skill level 1 in Hexes
  1677 | D:2      | Reached skill level 1 in Summonings
  1677 | D:2      | Reached skill level 1 in Necromancy
  1677 | D:2      | Reached skill level 1 in Translocations
  1677 | D:2      | Reached skill level 1 in Transmutations
  1677 | D:2      | Reached skill level 1 in Fire Magic
  1677 | D:2      | Reached skill level 1 in Ice Magic
  1677 | D:2      | Reached skill level 1 in Air Magic
  1677 | D:2      | Reached skill level 1 in Earth Magic
  1677 | D:2      | Reached skill level 1 in Poison Magic
  2105 | D:2      | Noticed Jessica
  2109 | D:2      | Killed Jessica
  2110 | D:2      | Reached XP level 5. HP: 47/47 MP: 5/7
  2194 | D:3      | XOM: noise
  2214 | D:3      | XOM: smoke on damage
  2449 | D:3      | XOM: polymorph kobold -> quokka
  2568 | D:3      | XOM: 1-stop teleportation journey
  2584 | D:3      | Found Akewkoxt's Assorted Antiques.
  2592 | D:3      | Bought a twisted peridot amulet for 90 gold pieces
  2839 | D:4      | XOM: noise
  2860 | D:4      | XOM: divination: detect creatures
  2957 | D:4      | XOM: smoke on damage
  2958 | D:4      | XOM: potion effect (brilliance)
  2963 | D:4      | Slain by a wight

Illustrated notes

Levels and vault maps discovered:
D:1:      minmay_arrival_checkered_box, layout_loops_ring
D:2:      layout_basic, serial_shops, nicolae_lakefront_shop,
          minmay_pentomino_x4, uniq_jessica
D:3:      layout_basic, serial_shops, shop
D:4:      layout_rooms, mainiacjoe_overflow_boulevard

Skill      XL: |  1  2  3  4  5 |
---------------+----------------+-----
Invocations    | 1 |  1.8
Long Blades    | 1 |  1.6
Axes           | 1 |  1.6
Maces & Flails | 1 |  1.6
Polearms       | 1 |  1.6
Staves         | 1 |  1.6
Slings         | 1 |  1.6
Bows           | 1 |  1.6
Crossbows      | 1 |  1.6
Throwing       | 1 |  1.6
Stealth        | 1 |  1.6
Shields        | 1 |  1.6
Unarmed Combat | 1 |  1.6
Spellcasting   | 1 |  1.6
Evocations     | 1 |  1.6
Conjurations   | 1 |  1.2
Hexes          | 1 |  1.2
Summonings     | 1 |  1.2
Necromancy     | 1 |  1.2
Translocations | 1 |  1.2
Transmutations | 1 |  1.2
Fire Magic     | 1 |  1.2
Ice Magic      | 1 |  1.2
Air Magic      | 1 |  1.2
Earth Magic    | 1 |  1.2
Poison Magic   | 1 |  1.2
Dodging        | 3 |  3.0
Fighting       | |  6.7
Short Blades   | |  6.7
Armour         | |  4.8

Action                   |  1- 3 |  4- 6 || total
-------------------------+-------+-------++-------
Melee: Short sword       |   101 |   133 ||   234
       Bite              |     6 |    11 ||    17
       Punch             |     1 |     1 ||     2
  Use: Potion            |       |     2 ||     2
 Stab: Petrifying        |     1 |       ||     1
       Sleeping          |       |     1 ||     1
       Distracted        |       |     1 ||     1
Armor: Leather armour    |    35 |    47 ||    82
Dodge: Dodged            |    53 |    80 ||   133
